Map: [ESL] Hecate

Players

Highdra

  • Race: Protoss Protoss
  • League: Grandmaster
  • Spawn Location: 7:00

trigger - Winner!

  • Race: Protoss Protoss
  • League: Grandmaster
  • Spawn Location: 1:00

Event: HomeStory Cup XXIV

VOD

Have the link to the VOD?

Description

Time

  • Played on: Dec. 2, 2023, 2:55 p.m.
  • Length: 6:28

All games in this series

Show
View Real Time Build Order
Export as new Build Order

Highdra Protoss 

Build Orders: Dark Templar Rush 

Get SALT Encoding   

  12  0:00  Probe  
  13  0:12  Probe  
  14  0:18  Pylon  
  14  0:24  Probe (Chrono Boost)  
  15  0:36  Gateway  
  15  0:38  Probe (Chrono Boost)  
  16  0:43  Probe (Chrono Boost)  
  16  0:46  Assimilator  
  17  0:52  Probe  
  17  0:54  Assimilator  
  18  1:04  Probe  
  18  1:06  Gateway  
  19  1:16  Probe  
  20  1:23  Cybernetics Core  
  20  1:28  Probe  
  21  1:38  Pylon  
  21  1:40  Probe  
  22  1:53  Probe  
  23  1:57  Warp Gate (Chrono Boost)  
  23  2:00  Stalker x2  
  27  2:05  Probe  
  28  2:15  Pylon  
  28  2:30  Stalker  
  28  2:33  Stalker  
  31  2:53  Nexus  
  31  2:57  Probe  
  32  3:10  Twilight Council  
  32  3:11  Probe  
  33  3:19  Sentry, Pylon  
  35  3:31  Probe  
  36  3:35  Robotics Facility  
  36  3:41  Shield Battery  
  36  3:48  Dark Shrine  
  36  3:51  Adept  
  38  4:03  Stalker  
  40  4:14  Stalker  
  42  4:17  Gateway  
  42  4:24  Warp Prism  
  42  4:31  Stalker  
  46  4:34  Pylon  
  46  4:35  Pylon  
  43  4:54  Pylon  
  43  5:02  Dark Templar x2  
  45  5:15  Zealot  
  41  5:34  Dark Templar  
  27  5:47  Stalker  
  18  6:06  Gateway  
  13  6:11  Probe (Chrono Boost)  
Show
View Real Time Build Order
Export as new Build Order

trigger Protoss - Winner!

Build Orders: Blink Stalkers 

Get SALT Encoding   

  12  0:00  Probe  
  13  0:12  Probe  
  14  0:17  Pylon  
  14  0:24  Probe (Chrono Boost)  
  15  0:36  Probe (Chrono Boost)  
  15  0:37  Gateway  
  16  0:44  Probe (Chrono Boost)  
  16  0:48  Assimilator  
  17  0:51  Probe  
  17  0:55  Assimilator  
  18  1:03  Probe (Chrono Boost)  
  19  1:08  Gateway  
  20  1:12  Probe (Chrono Boost)  
  20  1:17  Probe (Chrono Boost)  
  20  1:24  Cybernetics Core  
  21  1:29  Probe  
  22  1:34  Pylon  
  22  1:41  Probe  
  23  1:53  Probe  
  24  2:01  Warp Gate, Stalker x2  
  28  2:10  Pylon  
  28  2:17  Twilight Council  
  28  2:32  Stalker  
  28  2:35  Stalker  
  32  2:47  Gateway  
  32  2:52  Blink (Chrono Boost)  
  32  3:08  Stalker  
  34  3:17  Stalker  
  36  3:25  Pylon  
  36  3:33  Pylon  
  34  3:43  Gateway  
  34  3:52  Stalker x2  
  34  3:54  Stalker  
  39  4:16  Stalker x2  
  43  4:18  Stalker  
  45  4:25  Shield Battery  
  44  4:51  Stalker  
  44  4:52  Stalker  
  48  5:00  Probe  
  48  5:05  Robotics Facility, Stalker  
  51  5:12  Probe, Pylon  
  36  5:54  Observer (Chrono Boost)  
  28  6:00  Adept  
  28  6:01  Adept x2  
  26  6:07  Stalker  
  26  6:08  Probe  
Tags
 
Add a new tag
Caveats
  • Supply blocks, unpowered buildings, or Contaminate may cause inaccurate times.
  • Supply counts are checked every 10 seconds.